 Dungeon Crawl Stone Soup version 0.17-a0-2220-g6fea741 (webtiles) character file.

99 SlimeFever the Chiller (level 4, 0/31 HPs)
             Began as a Merfolk Ice Elementalist on Oct 28, 2015.
             Slain by SlimeFever's ghost (3 damage)
             ... on level 3 of the Dungeon.
             The game lasted 00:17:12 (1691 turns).

SlimeFever the Chiller (Merfolk Ice Elementalist)   Turns: 1691, Time: 00:17:13

Health: 0/31       AC:  3    Str:  8    XL:     4   Next: 72%
Magic:  4/8        EV: 13    Int: 15    God:
Gold:   127        SH:  0    Dex: 14    Spells: 3 memorised, 3 levels left

rFire  . . .     SeeInvis .     m - +3 short sword (speed)
rCold  . . .     Clarity  .     a - +0 robe
rNeg   . . .     SustAt   .     (no shield)
rPois  .         Gourm    .     (no helmet)
rElec  .         Spirit   .     (no cloak)
rCorr  .         Warding  .     (no gloves)
rMut   .         Stasis   .     r - +0 pair of boots
MR     .....                    (no amulet)
Stlth  ++........               (no ring)
                                (no ring)

@: slowed, very slow, not resistant to hostile enchantments, unstealthy
A: change form in water, swift swim
a: no special abilities


You were on level 3 of the Dungeon.
You were not hungry.

You visited 1 branch of the dungeon, and saw 3 of its levels.

You collected 127 gold pieces.

Inventory:

Hand Weapons
 m - a +3 short sword of speed (weapon)
Missiles
 d - 7 tomahawks (quivered)
 e - 25 arrows
 o - 12 sling bullets
Armour
 a - a +0 robe (worn)
 r - a +0 pair of boots (worn)
Scrolls
 f - a scroll of blinking
 g - a scroll of identify
 l - a scroll of teleportation
Potions
 i - a potion of haste
 n - a potion of degeneration {unknown}
 q - a potion of flight {unknown}
Books
 b - a book of Frost

   Spells                             Type                      Level
   a - Freeze                         Ice                          1
   b - Throw Frost                    Conjuration/Ice              2
   c - Ozocubu's Armour               Charms/Ice                   3
   d - Throw Icicle                   Conjuration/Ice              4
   e - Summon Ice Beast               Ice/Summoning                4
   f - Condensation Shield            Ice                          4
Comestibles
 c - a bread ration
 h - a beef jerky
 j - 2 slices of pizza


   Skills:
 + Level 0.4 Fighting
 + Level 1.4 Short Blades
 + Level 0.2 Throwing
 + Level 3.3 Dodging
 + Level 2.5 Stealth
 + Level 3.1 Spellcasting
 + Level 0.7 Conjurations
 + Level 4.0 Ice Magic


You had 3 spell levels left.
You knew the following spells:

 Your Spells              Type           Power        Failure   Level  Hunger
a - Freeze                Ice            ##..         4%          1    #......
b - Throw Frost           Conj/Ice       #.....       12%         2    ##.....
c - Ozocubu's Armour      Chrm/Ice       #.......     30%         3    ###....


Dungeon Overview and Level Annotations

Branches:
Dungeon (3/15)

Altars:
Kikubaaqudgha
Makhleb

Annotations:
D:3 SlimeFever's ghost, amateur DsGl


Message History

The orc wizard closely misses you.
You barely miss the orc wizard.
The orc wizard is almost dead.
The orc wizard casts a spell.
The orc wizard blinks!
SlimeFever's ghost misses you.
There is an open door here.
The orc wizard casts a spell.
The orc wizard blinks!
The orc wizard casts a spell at you.
You feel yourself slow down.
You hit the orc wizard.
You kill the orc wizard!
Your Ice Magic skill increases to level 4!
SlimeFever's ghost hits you but does no damage.
Things that are here:
a dagger; a robe; an orc corpse
There is a stone staircase leading up here.
SlimeFever's ghost hits you.
You die...

###### #....# #....###
#......### #....#...#
###########....#.#.####.
#.....)...'..)W@........
#.#########......)..##..
##)### #.....#...#
..W..# #....#_#.##
.....# #.....#..# .....#
....#.....# .....#
#.########## o....# #.
..>..+ .


You could see SlimeFever's ghost.

Vanquished Creatures
  An orc wizard (D:3)
  An adder (D:2)
  2 worms
  2 giant geckos
  4 orcs (D:3)
  A ball python (D:1)
  3 giant cockroaches
  5 goblins
  6 hobgoblins
  8 jackals
  3 kobolds
  3 bats
  3 giant newts (D:2)
  7 rats
49 creatures vanquished.

Notes
Turn   | Place    | Note
--------------------------------------------------------------
     0 | D:1      | SlimeFever the Merfolk Ice Elementalist began the quest for the Orb.
     0 | D:1      | Reached XP level 1. HP: 13/13 MP: 3/3
   462 | D:1      | Reached XP level 2. HP: 19/19 MP: 1/5
   658 | D:1      | Learned a level 2 spell: Throw Frost
   773 | D:1      | Reached XP level 3. HP: 24/24 MP: 1/6
  1023 | D:2      | Found an ancient bone altar of Kikubaaqudgha.
  1396 | D:2      | Found a burning altar of Makhleb.
  1396 | D:2      | Noticed a balrug
  1399 | D:2      | Noticed a hellwing
  1399 | D:2      | Noticed a smoke demon
  1507 | D:2      | Reached XP level 4. HP: 31/31 MP: 3/8
  1593 | D:2      | Learned a level 3 spell: Ozocubu's Armour
  1595 | D:3      | Found a faded altar to an unknown god.
  1663 | D:3      | Noticed SlimeFever's ghost (amateur DsGl)
  1676 | D:3      | Reached skill level 1 in Short Blades
  1678 | D:3      | HP: 1/31 [SlimeFever's ghost (5)]
  1688 | D:3      | Reached skill level 4 in Ice Magic
  1691 | D:3      | Slain by SlimeFever's ghost

Vault maps used:
D:1:      minmay_arrival_widening_spiral_wide
D:2:      old_standard_altar, minivault_19, makhleb_altar_promises_db
D:3:      ecumenical_altar_1, minmay_bisected, uniq_robin, uniq_jessica,
          uniq_terence, uniq_iyjb

Action                   |  1- 3 |  4- 6 || total
-------------------------+-------+-------++-------
Melee: Unarmed           |     6 |       ||     6
       Short sword       |    53 |    24 ||    77
Throw: Tomahawk          |     9 |       ||     9
 Cast: Freeze            |    36 |     1 ||    37
       Throw Frost       |     8 |     4 ||    12
  Use: Scroll            |     6 |     2 ||     8
       Potion            |     1 |     1 ||     2
 Stab: Sleeping          |     3 |     1 ||     4
  Eat: Fruit             |     2 |       ||     2
       Meat ration       |       |     1 ||     1
